 Dungeon Crawl Stone Soup version 0.19-a0-1908-g43c011f (webtiles) character file.

374 Kaname the Conjurer (level 6, -4/36 HPs)
             Began as a High Elf Wanderer on Oct 22, 2016.
             Slain by an orc
             ... wielding a +0 club
              (5 damage)
             ... on level 3 of the Dungeon.
             The game lasted 00:16:42 (4791 turns).

Kaname the Conjurer (High Elf Wanderer)             Turns: 4791, Time: 00:16:42

Health: -4/36      AC:  8    Str: 11    XL:     6   Next: 43%
Magic:  5/11       EV:  9    Int: 19    God:
Gold:   190        SH:  0    Dex: 17    Spells: 5 memorised, 1 level left

rFire  . . .     SeeInvis .     n - +2 hand axe (freeze)
rCold  + . .     Gourm    .     q - +3 ring mail {rC+}
rNeg   . . .     Faith    .     (no shield)
rPois  .         Spirit   .     (no helmet)
rElec  .         Reflect  .     (no cloak)
rCorr  .         Harm     .     (no gloves)
MR     .....                    (no boots)
Stlth  +.........               (no amulet)
                                s - +3 ring of dexterity
                                m - ring of wizardry

@: very slightly contaminated
A: no striking features
a: no special abilities


You were on level 3 of the Dungeon.
You were not hungry.

You visited 1 branch of the dungeon, and saw 4 of its levels.

You collected 190 gold pieces.

Inventory:

Hand Weapons
 n - a +2 hand axe of freezing (weapon)
Missiles
 t - 48 arrows
Armour
 q - a +3 ring mail of cold resistance (worn)
Jewellery
 m - a ring of wizardry (left hand)
 s - a +3 ring of dexterity (right hand)
Scrolls
 d - a scroll of teleportation {unknown}
 e - a scroll of amnesia {unknown}
 g - 2 scrolls of remove curse
 h - a scroll of magic mapping {unknown}
 i - a scroll of random uselessness {unknown}
 l - a scroll of identify
 u - a scroll of enchant weapon {unknown}
 w - a scroll of fog {unknown}
Potions
 j - 2 potions of cancellation
 o - a potion of haste {unknown}
 p - a potion of cure mutation {unknown}
 r - a potion of curing {unknown}
 v - a potion of lignification {unknown}
Books
 a - a book of Minor Magic

   Spells                             Type                      Level
   a - Magic Dart                     Conjuration                  1
   b - Blink                          Translocation                2
   c - Call Imp                       Summoning                    2
   d - Repel Missiles                 Charms/Air                   2
   e - Slow                           Hexes                        2
   f - Conjure Flame                  Conjuration/Fire             3
   g - Mephitic Cloud                 Conjuration/Poison/Air       3
 b - Bezie's Guide on Changing

   Spells                             Type                      Level
   a - Passwall                       Transmutation/Earth          2
   b - Sticks to Snakes               Transmutation                2
 c - the Almanac of Intoxication

   Spells                             Type                      Level
   a - Sting                          Conjuration/Poison           1
   b - Spider Form                    Transmutation/Poison         3
Comestibles
 f - 2 bread rations
 k - 2 beef jerkies
 x - 4 fruits
 z - 2 meat rations
 A - 3 chunks of flesh


   Skills:
 - Level 3.0 Spellcasting
 - Level 4.1 Conjurations
 - Level 2.5 Translocations
 - Level 3.3 Transmutations
   Level 2.0 Fire Magic
 - Level 1.2 Air Magic
 + Level 1.9 Earth Magic
 - Level 2.0 Poison Magic
   Level 2.0 Evocations


You had one spell level left.
You knew the following spells:

 Your Spells              Type           Power        Failure   Level  Hunger
a - Sting                 Conj/Pois      ##..         4%          1    None
b - Blink                 Tloc           N/A          9%          2    ##.....
c - Passwall              Tmut/Erth      ##........   9%          2    ##.....
d - Sticks to Snakes      Tmut           ###.....     6%          2    ##.....
e - Mephitic Cloud        Conj/Pois/Air  ##......     19%         3    ###....


Dungeon Overview and Level Annotations

Branches:
Dungeon (4/15)
 Temple: D:4-7

Altars:
Fedhas
Ru

Annotations:
D:3 Duralumin's ghost, amateur HaAK


Message History

You blink.
Casting: Blink
Confirm with . or Enter, or press ? or * to list all spells.
Aiming: Mephitic Cloud
Press: ? - help, Shift-Dir - straight line, f/p - ogre
Aim: an ogre, wielding a giant club (severely wounded)
You miscast Mephitic Cloud.
You are very lightly contaminated with residual magic.
Your skin tingles.
Casting: Mephitic Cloud
Confirm with . or Enter, or press ? or * to list all spells.
Okay, then.
Okay, then.
There is a stone staircase leading up here.
You climb upwards.
Level annotation: Duralumin's ghost, amateur HaAK Duralumin's ghost hits you.
* * * LOW HITPOINT WARNING * * *
The orc hits you with a club.
You die...

#..........##)#####.######......
#..........##....##.# #........
#..........#####....####.#......
#...........######.......#......
#.............## ##.#...#.......
#..........##..####.##......<...
#..........###..................
#..........###.W###.#.#.......>.
########.......@o.....#.........
#####......######...####......##.
#.....###.## ##.#..###...#.....
..######..######..##......##.###.
...## #)###........#..#..##.###.
....####.# #......>...##.###.....
.)...#...###........#....##......
####................#..#....####.
##..####.......<.......### #.


You could see Duralumin's ghost and an orc.

Vanquished Creatures
  An orc priest (D:2)
  Jessica (D:3)
  Ijyb (D:2)
  Terence (D:2)
  An orc wizard (D:3)
  5 gnolls
  8 adders
  A worm (D:3)
  An adder skeleton (D:3)
  5 dart slugs
  4 leopard geckos
  9 orcs
  3 giant cockroaches
  21 goblins
  12 hobgoblins
  7 kobolds
  4 quokkas
  5 bats
  6 frilled lizards
  7 rats
  A plant (D:4)
104 creatures vanquished.

Notes
Turn   | Place    | Note
-------+----------+-------------------------------------------
     0 | D:1      | Kaname the High Elf Wanderer began the quest for the Orb.
     0 | D:1      | Kaname set off with: a book of Minor Magic, Bezie's Guide on Changing, the Almanac of Intoxication, a +0 robe, a +0 dagger, a bread ration
     0 | D:1      | Reached XP level 1. HP: 11/11 MP: 4/4
     0 | D:1      | Identified Bezie's Guide on Changing
     0 | D:1      | Identified the Almanac of Intoxication
     2 | D:1      | Learned a level 1 spell: Sting
   172 | D:1      | Reached skill level 3 in Conjurations
   172 | D:1      | Reached XP level 2. HP: 12/17 MP: 4/6
   263 | D:1      | Learned a level 2 spell: Blink
   266 | D:1      | Learned a level 2 spell: Passwall
   838 | D:1      | Reached skill level 4 in Conjurations
   838 | D:1      | Reached XP level 3. HP: 21/21 MP: 1/7
  1513 | D:2      | Reached XP level 4. HP: 27/27 MP: 4/8
  1643 | D:2      | Reached skill level 1 in Translocations
  2007 | D:2      | Noticed Ijyb
  2045 | D:2      | Killed Ijyb
  2119 | D:2      | Learned a level 2 spell: Sticks to Snakes
  2173 | D:2      | Reached XP level 5. HP: 23/31 MP: 5/9
  2301 | D:2      | Found a blossoming altar of Fedhas.
  2436 | D:2      | Reached skill level 1 in Transmutations
  2846 | D:3      | Noticed Jessica
  2852 | D:3      | Killed Jessica
  2923 | D:3      | Noticed Duralumin's ghost (amateur HaAK)
  2981 | D:3      | Noticed Terence
  3008 | D:2      | Killed Terence
  3620 | D:3      | Reached XP level 6. HP: 32/36 MP: 11/11
  3642 | D:3      | Learned a level 3 spell: Mephitic Cloud
  3766 | D:3      | Found a sacrificial altar of Ru.
  3771 | D:3      | Reached skill level 1 in Earth Magic
  4762 | D:4      | HP: 1/36 [ogre/giant club (25)]
  4791 | D:3      | HP: 1/36 [Duralumin's ghost (4)]
  4791 | D:3      | Slain by an orc

Vault maps used:
D:1:      minmay_arrival_three_doors
D:2:      lemuel_round_altar, first_bread, uniq_iyjb
D:3:      nicolae_ru_great_annihilating_truth, minmay_goblin_outpost,
          uniq_terence, uniq_jessica
D:4:      serial_bayou, serial_bayou_pond_a, serial_bayou_pond_a,
          serial_bayou_lagoon_a, serial_bayou_lagoon_b, serial_bayou_pond_a,
          uniq_grinder

Skill      XL: |  1  2  3  4  5  6 |
---------------+-------------------+-----
Conjurations   | 3 4 |  4.1
Poison Magic   | 2 |  2.0
Translocations | 2 |  2.5
Transmutations | 3 |  3.3
Spellcasting   | 3 |  3.0
Earth Magic    | 1 |  1.9
Fire Magic     | |  2.0
Air Magic      | |  1.2
Evocations     | |  2.0

Action                   |  1- 3 |  4- 6 || total
-------------------------+-------+-------++-------
Melee: Dagger            |    47 |    19 ||    66
       Hand axe          |       |   186 ||   186
 Cast: Sting             |    40 |    77 ||   117
       Blink             |       |     1 ||     1
  Use: Scroll            |       |     2 ||     2
 Stab: Paralysed         |       |     2 ||     2
  Eat: Chunk             |     2 |    11 ||    13
Armor: Robe              |    11 |    10 ||    21
       Ring mail         |       |    84 ||    84
Dodge: Dodged            |    19 |   100 ||   119
